Workbook

Sheet F00-A Historico y solicitud 
C2: ANTEPROYECTO DE PRESUPUESTO DE EGRESOS CON PERSPECTIVA DE GÉNERO 2027 | I2: F00-RHS-2027
C5: Asignaciones Históricas y Solicitud para el Ejercicio Fiscal 2027
B9: DATOS GENERALES DEL ENTE SOLICITANTE
B10: Orden:
B11: Clasificación Administrativa:
B12: Dependencia| Entidad | Ente:
B13: Sector
B14: *Al llenar estos campos de datos generales, en automatico se llenará en los siguiente formatos (verificar)
B15: Alineaciones al Plan Estatal de Desarrollo
B16: Principio Rector | C16: Política Pública | F16: Estrategia
B23: Sección 1 | Comportamiento Presupuestal Anual Histórico
B24: Concepto | D24: Aprobado 2023 | E24: Aprobado 2024 | F24: Aprobado 2025 | G24: Aprobado 2026 | H24: Modificado 2026 | I24: Solicitud 2027
B25: Presupuesto total por Capítulo
B26: 1000.- Servicios Personales | D26: 0 | E26: 0 | F26: 0 | H26: 0 | I26: =+'F02-CA Calendario 2027 '!C12 -> 0
B27: 2000.- Materiales y Suministros | D27: 0 | E27: 0 | F27: 0 | H27: 0 | I27: =+'F02-CA Calendario 2027 '!C13 -> 0
B28: 3000.- Servicios Generales | D28: 0 | E28: 0 | F28: 0 | H28: 0 | I28: =+'F02-CA Calendario 2027 '!C14 -> 0
B29: 4000.- Transferencias, Ayudas Sociales y Otros Subsidios | D29: 0 | E29: 0 | F29: 0 | H29: 0 | I29: =+'F02-CA Calendario 2027 '!C15 -> 0
B30: 5000.- Bienes Muebles, Inmuebles e Intangibles | D30: 0 | E30: 0 | F30: 0 | H30: 0 | I30: =+'F02-CA Calendario 2027 '!C16 -> 0
B31: 6000.- Inversión Pública | D31: 0 | E31: 0 | F31: 0 | H31: 0 | I31: =+'F02-CA Calendario 2027 '!C17 -> 0
B32: 7000.-Inversiones financieras y otras Previsiones | D32: 0 | E32: 0 | F32: 0 | H32: 0 | I32: =+'F02-CA Calendario 2027 '!C18 -> 0
B33: 8000.- Participaciones y Aportaciones | D33: 0 | E33: 0 | F33: 0 | H33: 0 | I33: =+'F02-CA Calendario 2027 '!C19 -> 0
B34: 9000.-Deuda Pública | D34: 0 | E34: 0 | F34: 0 | H34: 0 | I34: =+'F02-CA Calendario 2027 '!C20 -> 0
B35: Total General por Capítulo | D35: =SUM(D26:D34) -> 0 | E35: =SUM(E26:E34) -> 0 | F35: =SUM(F26:F34) -> 0 | H35: =SUM(H26:H34) -> 0 | I35: =SUM(I26:I34) -> 0
B36: Presupuesto total por Origen
B37: Recursos de libre disposición (Participaciones) | D37: 0 | E37: 0 | F37: 0 | H37: 0 | I37: =+'F02-CA Calendario 2027 '!C24 -> 0
B38: Recursos de libre disposición (Fiscales) | D38: 0 | E38: 0 | F38: 0 | H38: 0 | I38: =+'F02-CA Calendario 2027 '!C25 -> 0
B39: Recursos de libre disposición (Propios) | D39: 0 | E39: 0 | F39: 0 | H39: 0 | I39: =+'F02-CA Calendario 2027 '!C26 -> 0
B40: Recursos Estatales | D40: =SUM(D37:D39) -> 0 | E40: =SUM(E37:E39) -> 0 | F40: =SUM(F37:F39) -> 0 | H40: =SUM(H37:H39) -> 0 | I40: =SUM(I37:I39) -> 0
B41: Recursos Federales (etiquetados) | D41: 0 | E41: 0 | F41: 0 | H41: 0 | I41: =+'F02-CA Calendario 2027 '!C28 -> 0
B42: Otros Recursos | D42: 0 | E42: 0 | F42: 0 | H42: 0 | I42: =+'F02-CA Calendario 2027 '!C29 -> 0
B43: Total General por Origen | D43: =SUM(D40:D42) -> 0 | E43: =SUM(E40:E42) -> 0 | F43: =SUM(F40:F42) -> 0 | H43: =SUM(H40:H42) -> 0 | I43: =SUM(I40:I42) -> 0
B44: Presupuesto total por Unidad Responsable
D45: =SUM(D42:D44) -> 0 | E45: =SUM(E42:E44) -> 0 | F45: =SUM(F42:F44) -> 0 | H45: =SUM(H42:H44) -> 0 | I45: =SUM(I42:I44) -> 0
D46: =SUM(D43:D45) -> 0 | E46: =SUM(E43:E45) -> 0 | F46: =SUM(F43:F45) -> 0 | H46: =SUM(H43:H45) -> 0 | I46: =SUM(I43:I45) -> 0
D47: =SUM(D44:D46) -> 0 | E47: =SUM(E44:E46) -> 0 | F47: =SUM(F44:F46) -> 0 | H47: =SUM(H44:H46) -> 0 | I47: =SUM(I44:I46) -> 0
B48: Total General por UR | D48: =SUM(D45:D47) -> 0 | E48: =SUM(E45:E47) -> 0 | F48: =SUM(F45:F47) -> 0 | H48: =SUM(H45:H47) -> 0 | I48: =SUM(I45:I47) -> 0
B49: Presupuesto total por Programa Presupuestario
D50: =SUM(D47:D49) -> 0 | E50: =SUM(E47:E49) -> 0 | F50: =SUM(F47:F49) -> 0 | H50: =SUM(H47:H49) -> 0 | I50: =SUM(I47:I49) -> 0
D51: =SUM(D48:D50) -> 0 | E51: =SUM(E48:E50) -> 0 | F51: =SUM(F48:F50) -> 0 | H51: =SUM(H48:H50) -> 0 | I51: =SUM(I48:I50) -> 0
D52: =SUM(D49:D51) -> 0 | E52: =SUM(E49:E51) -> 0 | F52: =SUM(F49:F51) -> 0 | H52: =SUM(H49:H51) -> 0 | I52: =SUM(I49:I51) -> 0
B53: Total General por PrPr | D53: =SUM(D50:D52) -> 0 | E53: =SUM(E50:E52) -> 0 | F53: =SUM(F50:F52) -> 0 | H53: =SUM(H50:H52) -> 0 | I53: =SUM(I50:I52) -> 0
B56: Sección 2 | Detalles de la Propuesta
B57: Concepto | D57: Solicitud 2027 | E57: Consideraciones derivados de la Solicitud
B58: 1000.- Servicios Personales | D58: =+I26 -> 0
B59: 2000.- Materiales y Suministros | D59: =+I27 -> 0
B60: 3000.- Servicios Generales | D60: =+I28 -> 0
B61: 4000.- Transferencias, Ayudas Sociales y Otros Subsidios | D61: =+I29 -> 0
B62: 5000.- Bienes Muebles, Inmuebles e Intangibles | D62: =+I30 -> 0
B63: 6000.- Inversión Pública | D63: =+I31 -> 0
B64: 7000.-Inversiones financieras y otras Previsiones | D64: =+I32 -> 0
B65: 8000.- Participaciones y Aportaciones | D65: =+I33 -> 0
B66: 9000.-Deuda Pública | D66: =+I34 -> 0
B69: Guía de llenado para los anexos del Anteproyecto de Presupuesto de Egresos.
B70: Sección 1 | Comportamiento Presupuestal Anual Histórico: En esta sección, se deberá llenar la información sobre el comportamiento presupuestal histórico en relación con los diferentes capítulos de gasto. Los capítulos de gasto se dividen en diferentes categorías numéricas, como Capítulo 1000, Capítulo 2000, etc. Aquí tienes los pasos para llenar esta sección: Asignado: Se ingresará el monto aprobado a los segmentos de capítulo de gasto, origen, unidad responsable y programa presupuestario en el año. Modificado 2026: Se ingresará el monto modificado anualizado para los segmentos de capítulo de gasto, origen, unidad responsable y programa presupuestario en el año 2026. Solicitud 2027: Siendo el año 2027 el foco del anteproyecto, aquí se debe ingresar el monto que se está solicitando para el capítulo de gasto, origen, unidad responsable y programa presupuestario en ese año.
B72: Sección 2 | Detalles de la Propuesta: En esta sección, se deberá proporcionar las consideraciones relevantes que respaldan la cifra que estás solicitando para cada capítulo de gasto. Esto implicará explicar por qué se necesita el monto solicitado. En la columna de Consideraciones Relevantes: Proporcione una descripción detallada de las razones por las que se está solicitando el monto específico para cada capítulo de gasto. Asegúrate de enfocarte en los conceptos de gasto más importantes y en los que no se han realizado en los presupuestos anteriores.
B74: *En todos los formatos que cuenten con justificación o especificaciones, fundamente claramento las situaciones contingentes o aquellas consideraciones de mayor relevancia presupuestal.

Sheet F00-B Base 2027
E2: ANTEPROYECTO DE PRESUPUESTO DE EGRESOS CON PERSPECTIVA DE GÉNERO 2027 | W2: F00-Bs-2027
E4: Base Presupuestaria 2027
B8: DATOS GENERALES DEL ENTE SOLICITANTE | N8: CVE | O8: Unidades Responsables
B9: Orden: | D9: =+'F00-A Historico y solicitud '!D10 -> 0
B10: Clasificación Administrativa: | D10: =+'F00-A Historico y solicitud '!D11 -> 0
B11: Dependencia| Entidad | Ente: | D11: =+'F00-A Historico y solicitud '!D12 -> 0
B12: Sector | C12: =VLOOKUP(D12,Listas!$E$25:$F$32,2,0) -> #N/A | D12: =+'F00-A Historico y solicitud '!D13 -> 0
B14: Alineaciones al Plan Estatal de Desarrollo
B15: Principio Rector | C15: Política Pública | F15: Estrategia | J15: PR | K15: PP | L15: Es
J16: =VLOOKUP(F16,PED!$D$2:$G$199,2,0) -> #N/A | K16: =VLOOKUP(F16,PED!$D$2:$G$199,3,0) -> #N/A | L16: =VLOOKUP(F16,PED!$D$2:$G$199,4,0) -> #N/A
J17: =VLOOKUP(F17,PED!$D$2:$G$199,2,0) -> #N/A | K17: =VLOOKUP(F17,PED!$D$2:$G$199,3,0) -> #N/A | L17: =VLOOKUP(F17,PED!$D$2:$G$199,4,0) -> #N/A
J18: =VLOOKUP(F18,PED!$D$2:$G$199,2,0) -> #N/A | K18: =VLOOKUP(F18,PED!$D$2:$G$199,3,0) -> #N/A | L18: =VLOOKUP(F18,PED!$D$2:$G$199,4,0) -> #N/A
J19: =VLOOKUP(F19,PED!$D$2:$G$199,2,0) -> #N/A | K19: =VLOOKUP(F19,PED!$D$2:$G$199,3,0) -> #N/A | L19: =VLOOKUP(F19,PED!$D$2:$G$199,4,0) -> #N/A
J20: =VLOOKUP(F20,PED!$D$2:$G$199,2,0) -> #N/A | K20: =VLOOKUP(F20,PED!$D$2:$G$199,3,0) -> #N/A | L20: =VLOOKUP(F20,PED!$D$2:$G$199,4,0) -> #N/A
B22: Pograma Presupuestarios | J22: Componente | R22: Actividades
B23: Cve | C23: Descripción | F23: Indicador | J23: Cve | K23: Descripción | N23: Indicador | R23: Cve | S23: Descripción | W23: Indicador
B32: *Describa en orden los elementos programáticos que habrán de operar para el 2024, siguiendo la secuencia númerico por programa presupuestaria, sus componentes y a su vez actividades.
B35: ¿Al momento de realizar el anteproyecto, la Coordinación Estatal de Planeación autorizó la base programática propuesta en este formato?
B36: *Solo para el Poder Ejecutivo
B38: Solicitud por Clave Presupuestaria
B39: UR | C39: PR | D39: PP | E39: Es | F39: PrPr | G39: Com | H39: Act | I39: Tp | J39: Partida | K39: Fuente | L39: TG | M39: Anual | N39: Enero | O39: Febrero | P39: Marzo | Q39: Abril | R39: Mayo | S39: Junio | T39: Julio | U39: Agosto | V39: Septiembre | W39: Octubre | X39: Noviembre | Y39: Diciembre
B40: Presupuesto total calendarizado por Capítulo
M41: =SUM(N41:Y41) -> 0 | N41: 0 | O41: 0 | P41: 0 | Q41: 0 | R41: 0 | S41: 0 | T41: 0 | U41: 0 | V41: 0 | W41: 0 | X41: 0 | Y41: 0
M42: =SUM(N42:Y42) -> 0 | N42: 0 | O42: 0 | P42: 0 | Q42: 0 | R42: 0 | S42: 0 | T42: 0 | U42: 0 | V42: 0 | W42: 0 | X42: 0 | Y42: 0
M43: =SUM(N43:Y43) -> 0 | N43: 0 | O43: 0 | P43: 0 | Q43: 0 | R43: 0 | S43: 0 | T43: 0 | U43: 0 | V43: 0 | W43: 0 | X43: 0 | Y43: 0
M44: =SUM(N44:Y44) -> 0 | N44: 0 | O44: 0 | P44: 0 | Q44: 0 | R44: 0 | S44: 0 | T44: 0 | U44: 0 | V44: 0 | W44: 0 | X44: 0 | Y44: 0
M45: =SUM(N45:Y45) -> 0 | N45: 0 | O45: 0 | P45: 0 | Q45: 0 | R45: 0 | S45: 0 | T45: 0 | U45: 0 | V45: 0 | W45: 0 | X45: 0 | Y45: 0
M46: =SUM(N46:Y46) -> 0 | N46: 0 | O46: 0 | P46: 0 | Q46: 0 | R46: 0 | S46: 0 | T46: 0 | U46: 0 | V46: 0 | W46: 0 | X46: 0 | Y46: 0
M47: =SUM(N47:Y47) -> 0 | N47: 0 | O47: 0 | P47: 0 | Q47: 0 | R47: 0 | S47: 0 | T47: 0 | U47: 0 | V47: 0 | W47: 0 | X47: 0 | Y47: 0
M48: =SUM(N48:Y48) -> 0 | N48: 0 | O48: 0 | P48: 0 | Q48: 0 | R48: 0 | S48: 0 | T48: 0 | U48: 0 | V48: 0 | W48: 0 | X48: 0 | Y48: 0
M49: =SUM(N49:Y49) -> 0 | N49: 0 | O49: 0 | P49: 0 | Q49: 0 | R49: 0 | S49: 0 | T49: 0 | U49: 0 | V49: 0 | W49: 0 | X49: 0 | Y49: 0
B50: Total General por clave presupuestaria | M50: =SUM(M41:M49) -> 0 | N50: =SUM(N41:N49) -> 0 | O50: =SUM(O41:O49) -> 0 | P50: =SUM(P41:P49) -> 0 | Q50: =SUM(Q41:Q49) -> 0 | R50: =SUM(R41:R49) -> 0 | S50: =SUM(S41:S49) -> 0 | T50: =SUM(T41:T49) -> 0 | ... Y50: =SUM(Y41:Y49) -> 0
B51: *Solo señale la clavede cada uno de los elementos
B53: *Este formato se manda electrónicamente, al expediente del cuadernillo solo refiera que fue enviado al correo dir.presupuesto.zacatecas@gmail.com

Sheet PED
A1: 1. Hacia una nueva gobernanza | C1: 1.1 Gobernabilidad para la paz social
D2: 1.1.1 Fortalecer la gobernabilidad mediante la coordinación sustantiva con órdenes de gobierno y Poderes del Estado, para consolidar una reforma que lo modernice, transparente y lo vincule plenamente con la ciudadanía. | E2: 1 | F2: 1 | G2: 1
D3: 1.1.2 Fortalecer el estado de derecho y el acceso a la justicia, a través de la armonización del sistema estatal normativo. | E3: 1 | F3: 1 | G3: 2
D4: 1.1.3 Mejorar las relaciones con los diferentes actores sociales mediante la comunicación gubernamental transparente, clara y con sentido social que abone a una mejor rendición de cuentas y a la recuperación de la confianza ciudadana. | E4: 1 | F4: 1 | G4: 3
D5: 1.1.4 Fortalecer la protección integral de la población ante los posibles riesgos que amenazan la vida, la salud y el patrimonio. | E5: 1 | F5: 1 | G5: 4
D6: 1.1.5 Fortalecer la implementación de la perspectiva atención a niñas, niños y adolescentes con un enfoque transversal, para fortalecer la capacidad del ejercicio pleno de sus derechos. | E6: 1 | F6: 1 | G6: 5
C7: 1.2 Administración pública eficiente y con sentido social
D8: 1.2.1 Implementar un profundo proceso de reestructuración de la administración pública e impulsar la reingeniería de procesos, transformando el modelo organizacional orientado al servicio de la ciudadanía y a la generación de valor público que permita incentivar y promover el desarrollo socioeconómico. | E8: 1 | F8: 2 | G8: 1
D9: 1.2.2 Consolidar la implementación de la gestión pública ética y confiable basada en resultados, fortaleciendo y haciendo efectivos los mecanismos de participación social en todas las etapas del ciclo de la política pública. | E9: 1 | F9: 2 | G9: 2
D10: 1.2.3 Consolidar un modelo estratégico de planeación, seguimiento y evaluación para el desarrollo, con corresponsabilidad entre gobierno y sociedad, orientado a generar condiciones de bienestar para todos los zacatecanos. | E10: 1 | F10: 2 | G10: 3
D11: 1.2.4 Implementar mecanismos para el fortalecimiento del vínculo gobierno-academia-sociedad para transitar a nuevos paradigmas de gestión pública y fortalecer la creación de redes de política pública para la mejor satisfacción de necesidades sociales. | E11: 1 | F11: 2 | G11: 4
D12: 1.2.5 Impulsar y consolidar el desarrollo de un modelo de gobierno digital y el incremento de servicios electrónicos, mediante el uso intensivo de medios tecnológicos y el marco normativo para su regulación, para garantizar la mejor atención ciudadana y prestación de servicios públicos. | E12: 1 | F12: 2 | G12: 5
D13: 1.2.6 Fortalecer la profesionalización del servicio público, implementación del servicio profesional de carrera, y la gestión de recursos humanos, recuperando el espíritu social del servicio y el enfoque en el ciudadano y salvaguardando los elementos más valiosos de la formación del capital humano con sentido público. | E13: 1 | F13: 2 | G13: 6
D14: 1.2.7 Reorientar los procesos de contrataciones públicas, mediante reformas al marco normativo que permita, sin limitar la participación, fortalecer la inclusión de las MIPYMES locales, como mecanismo para impulsar el desarrollo económico. | E14: 1 | F14: 2 | G14: 7
D15: 1.2.8 Implementar procesos de control, transparencia y rendición de cuentas para la transformación de la gestión. | E15: 1 | F15: 2 | G15: 8
C16: 1.3 Construcción de la Paz y la Seguridad
D17: 1.3.1 Adoptar un nuevo modelo que fortalezca la regulación de las relaciones sociales y el acceso a la justicia y la reparación del daño. | E17: 1 | F17: 3 | G17: 1
D18: 1.3.2 Integrar plenamente la Estrategia Nacional de Seguridad en el Estado y Municipios. | E18: 1 | F18: 3 | G18: 2
D19: 1.3.3 Fortalecer los esquemas de prevención, atención y procuración de justicia, que consideren mecanismos de colaboración y corresponsabilidad ciudadana, principalmente en casos de violencia familiar. | E19: 1 | F19: 3 | G19: 3
D20: 1.3.4 Rescatar y rehabilitar los espacios públicos para generar ambientes para la convivencia y cohesión social. | E20: 1 | F20: 3 | G20: 4
D21: 1.3.5 En polígonos de alta incidencia delictiva, desarrollar capacidades en la ciudadanía con la impartición de talleres que coadyuven a la superación de trampas situacionales. | E21: 1 | F21: 3 | G21: 5
D22: 1.3.6 Incentivar los mecanismos de prevención de adicciones para contrarrestar la incidencia delictiva. | E22: 1 | F22: 3 | G22: 6
D23: 1.3.7 Recuperar la vocación policial con esquemas de profesionalización enfocados a contribuir a la dignificación de las instituciones de seguridad. | E23: 1 | F23: 3 | G23: 7
D24: 1.3.8 Fomentar la cultura de la denuncia y de la paz, para recuperar la confianza en la autoridad. | E24: 1 | F24: 3 | G24: 8
D25: 1.3.9 Fomentar procesos de interacción y organización vecinal para el cuidado mutuo. | E25: 1 | F25: 3 | G25: 9
D26: 1.3.10 Fomentar la generación y aprovechamiento de espacios libres de violencia. | E26: 1 | F26: 3 | G26: 10
D27: 1.3.11 Impulsar una política de orientación de programas sociales y de emprendimiento para la atención a las causas de la violencia. | E27: 1 | F27: 3 | G27: 11
D28: 1.3.12 Impulsar esquemas ciudadanos para el reconocimiento y fortalecimiento de la cadena de justicia. | E28: 1 | F28: 3 | G28: 12
C29: 1.4 Finanzas sanas
D30: 1.4.1 Implementar en el poder ejecutivo, e impulsar en los otros poderes y órdenes de gobierno, una política responsable de disciplina y austeridad como eje del ejercicio del presupuesto pública. | E30: 1 | F30: 4 | G30: 1
D31: 1.4.2 Implementar medidas férreas de contención, supervisión y control del gasto administrativo, para reorientar el gasto de gobierno a fines sociales y a inversión productiva. | E31: 1 | F31: 4 | G31: 2
D32: 1.4.3 Impulsar un proceso de reforma jurídica y administrativa que genere escenarios de mayor viabilidad para el Instituto de Seguridad y Servicios Sociales del Estado de Zacatecas y evite comprometer el recurso de todos los zacatecanos. | E32: 1 | F32: 4 | G32: 3
D33: 1.4.4 Impulsar alternativas para la disminución del costo de la deuda. | E33: 1 | F33: 4 | G33: 4
D34: 1.4.5 Reformar el sistema fiscal estatal para fortalecer sus capacidades recaudatorias, y mejorar la atención a las necesidades sociales. | E34: 1 | F34: 4 | G34: 5
D35: 1.4.6 Impulsar y gestionar acciones para el saneamiento financiero del sector educativo. | E35: 1 | F35: 4 | G35: 6
C36: 1.5 Participación social en la gestión pública
D37: 1.5.1 Mejorar las capacidades relacionales del Estado, para la mejor atención y concertación con grupos sociales. | E37: 1 | F37: 5 | G37: 1
D38: 1.5.2 Adoptar la filosofía del gobierno abierto que fomente la plena participación social. | E38: 1 | F38: 5 | G38: 2
D39: 1.5.3 Generar mecanismos para la construcción de capacidades en la sociedad para impulsar la inclusión y la participación en la gestión pública. | E39: 1 | F39: 5 | G39: 3
D40: 1.5.4 Impulsar reformas normativas para garantizar la permeabilidad de las propuestas ciudadanas. | E40: 1 | F40: 5 | G40: 4
D41: 1.5.5 Implementar y fortalecer la participación social en todos los ámbitos de la gestión pública. | E41: 1 | F41: 5 | G41: 5
D42: 1.5.6 Impulsar la inclusión y participación de grupos vulnerables en el diseño e implementación de las políticas públicas. | E42: 1 | F42: 5 | G42: 6
A45: 2. Bienestar para todos | C45: 2.1 Educación para una sociedad igualitaria y con identidad
D46: 2.1.1. Ampliar la cobertura de programas federales para becas y apoyos para la educación, a fin de favorecer la inclusión y permanencia de los estudiantes. | E46: 2 | F46: 1 | G46: 1
D47: 2.1.2. Dignificar la infraestructura educativa para mejorar el sentido de la pertenencia y el bienestar de la comunidad escolar. | E47: 2 | F47: 1 | G47: 2
D48: 2.1.3. Fortalecer la integración de Zacatecas en el plan educativo nacional, para conjuntar los esfuerzos que permitan alcanzar mejores resultados. | E48: 2 | F48: 1 | G48: 3
D49: 2.1.4. Impulsar el fortalecimiento de las instituciones formadoras y de capacitación docente y para el trabajo, para mejorar la preparación docente. | E49: 2 | F49: 1 | G49: 4
D50: 2.1.5. Vincular la educación media y superior al sistema productivo para mejorar la competitividad estatal. | E50: 2 | F50: 1 | G50: 5
D51: 2.1.6. Diseñar e implementar programas compensatorios para impulsar las políticas de género e inclusión en la educación. | E51: 2 | F51: 1 | G51: 6
D52: 2.1.7. Atender las desigualdades generadas por la pandemia en materia de conectividad y equipos tecnológicos en las escuelas, para disminuir los niveles de exclusión. | E52: 2 | F52: 1 | G52: 7
C53: 2.2 Salud para el bienestar
D54: 2.2.1. Garantizar la presencia del personal de salud con capacidades técnicas adecuadas, para fortalecer la atención en todo el territorio. | E54: 2 | F54: 2 | G54: 1
D55: 2.2.2. Implementar acciones en el cuidado de la salud a través de la educación preventiva, centrada en la persona, la familia y la comunidad. | E55: 2 | F55: 2 | G55: 2
D56: 2.2.3. Priorizar la atención médica y nutricional en niñas, niños, mujeres, personas adultas mayores, personas con discapacidad y en situación de vulnerabilidad. | E56: 2 | F56: 2 | G56: 3
D57: 2.2.4. Implementar un programa integral de salud mental con alcance a toda la población. | E57: 2 | F57: 2 | G57: 4
D58: 2.2.5. Incrementar la cobertura de salud, fortaleciendo la infraestructura y equipamiento de las unidades, centros de salud, hospitales y casas de salud. | E58: 2 | F58: 2 | G58: 5
D59: 2.2.6. Implementar acciones para mejorar el otorgamiento de consultas, garantizando el suministro de medicinas e insumos médicos. | E59: 2 | F59: 2 | G59: 6
D60: 2.2.7. Administrar de manera transparente, eficaz y eficiente los recursos para la salud. | E60: 2 | F60: 2 | G60: 7
D61: 2.2.8. Implementar estrategias de vigilancia y control epidemiológico, así como de riesgos sanitarios. | E61: 2 | F61: 2 | G61: 8
C62: 2.3 Infraestructura básica para combatir el rezago social
D63: 2.3.1. Fortalecer los servicios básicos y obras de infraestructura de vivienda y urbanización, para combatir la pobreza y el rezago social. | E63: 2 | F63: 3 | G63: 1
D64: 2.3.2. Construir y/o mejorar la infraestructura comunitaria para la dotación de servicios básicos a comunidades y población en pobreza o rezago social. | E64: 2 | F64: 3 | G64: 2
D65: 2.3.3. Fortalecer centros concentradores de servicios en zonas de alta dispersión, para facilitar la integración y atención de necesidades de servicios básicos. | E65: 2 | F65: 3 | G65: 3
D66: 2.3.4. Construir o rehabilitar carreteras y caminos para fortalecer la integración de comunidades en situación de rezago. | E66: 2 | F66: 3 | G66: 4
C67: 2.4 Desarrollo urbano y vivienda para la integración social
D68: 2.4.1 Realizar mejoras en espacios de vivienda como instrumento para la integración y dignificación social. | E68: 2 | F68: 4 | G68: 1
D69: 2.4.2 Construir espacios de viviendas para su mejora y dignificación, contribuyendo a la mejora de la calidad de vida de sus habitantes. | E69: 2 | F69: 4 | G69: 2
D70: 2.4.3 Rehabilitar espacios públicos, como estrategia para favorecer la convivencia, la cohesión social y el sentido de pertenencia en sus comunidades. | E70: 2 | F70: 4 | G70: 3
D71: 2.4.4 Construir entornos urbanos dignos y sustentables que favorezcan la integración y la convivencia social. | E71: 2 | F71: 4 | G71: 4
D72: 2.4.5 Consolidar y mejorar la movilidad urbana y los servicios de transporte público, para generar un ambiente urbano digno y armónico, que permita condiciones de seguridad y desarrollo para la sociedad. | E72: 2 | F72: 4 | G72: 5
D73: 2.4.6 Fortalecer acciones para preservar la riqueza artística e histórica, así como la tradición e identidad de nuestro Patrimonio Histórico. | E73: 2 | F73: 4 | G73: 6
D74: 2.4.7 Impulsar el desarrollo de ciudades inteligentes bajo el concepto de centralidades urbanas, que promuevan la integración comunitaria y la distribución de equipamientos, para reducir los costos de desplazamiento de la ciudadanía. | E74: 2 | F74: 4 | G74: 7
D75: 2.4.8 Impulsar el desarrollo de centros urbanos resilientes y sostenibles, que garantice el otorgamiento de servicios y la renovación urbana, con mecanismos de cuidado del medio ambiente. | E75: 2 | F75: 4 | G75: 8
D76: 2.4.9 impulsar el fortalecimiento del ordenamiento territorial estatal, integrando al territorio y las regiones a los procesos de desarrollo y bienestar. | E76: 2 | F76: 4 | G76: 9
D77: 2.4.10 Fortalecer los procesos para la regularización jurídica y catastral de la propiedad de asentamientos humanos tanto urbanos como rurales. | E77: 2 | F77: 4 | G77: 10
D78: 2.4.11 Implementar acciones para la integración los espacios e inmuebles públicos, al orden jurídico del territorio. | E78: 2 | F78: 4 | G78: 11
C79: 2.5 Deporte para todos
D80: 2.5.1 Promover el desarrollo del deporte, como instrumento para la integración social y la prevención del delito. | E80: 2 | F80: 5 | G80: 1
D81: 2.5.2 Fortalecer la práctica deportiva mediante el uso de infraestructura en todo el Estado. | E81: 2 | F81: 5 | G81: 2
D82: 2.5.3 Fomentar la cultura del deporte en instituciones públicas, como instrumento para la mejora de la salud, la convivencia y el bienestar físico y emocional. | E82: 2 | F82: 5 | G82: 3
D83: 2.5.4 Fortalecer los programas de becas y estímulo a deportistas que logran resultados destacados en los eventos del Sistema Nacional de Competencias y del Ciclo Olímpico. | E83: 2 | F83: 5 | G83: 4
D84: 2.5.5 Desarrollar, mantener, rescatar y rehabilitar la infraestructura deportiva en todo el estado. | E84: 2 | F84: 5 | G84: 5
C85: 2.6 Desarrollo cultural para convivencia social
D86: 2.6.1 Impulsar el desarrollo cultural con enfoque social. | E86: 2 | F86: 6 | G86: 1
D87: 2.6.2 Fortalecer el programa de cultura en espacios públicos para incentivar la convivencia comunitaria. | E87: 2 | F87: 6 | G87: 2
D88: 2.6.3 Promover acciones para llevar la cultura a todas las comunidades del Estado, fomentando nuestra identidad cultural y natural. | E88: 2 | F88: 6 | G88: 3
D89: 2.6.4 Rediseñar la política cultural mediante acciones que eviten la fuga de talento zacatecano. | E89: 2 | F89: 6 | G89: 4
D90: 2.6.5 Crear programas que articulen integralmente la cultura y el turismo, para el fortalecimiento del desarrollo económico y social de las comunidades. | E90: 2 | F90: 6 | G90: 5
D91: 2.6.6 Implementar programas de apoyo para el fortalecimiento de las industrias creativas en la entidad. | E91: 2 | F91: 6 | G91: 6
D92: 2.6.7 Promover un amplio programa de rescate y rehabilitación de los museos y espacios públicos y culturales para proteger, preservar y difundir el patrimonio cultural tanto material, como inmaterial de nuestro estado. | E92: 2 | F92: 6 | G92: 7
D93: 2.6.8 Impulsar programas de intercambio y estancias culturales nacional e internacional, para el desarrollo de talento artístico y el enriquecimiento del acervo cultural. | E93: 2 | F93: 6 | G93: 8
C94: 2.7 Integración de la comunidad migrante
D95: 2.7.1 Implementar programas para el fortalecimiento de los vínculos con nuestros migrantes. | E95: 2 | F95: 7 | G95: 1
D96: 2.7.2 Orientar el uso de remesas al financiamiento de proyectos y actividades productivas, en alternativas de mezcla con recursos públicos. | E96: 2 | F96: 7 | G96: 2
D97: 2.7.3 Acompañamiento para la financiación de proyectos socioeconómicos de migrantes zacatecanos. | E97: 2 | F97: 7 | G97: 3
D98: 2.7.4 Implementar el programa Repatriados Trabajando a fin de garantizar su reinserción a la vida social y productiva del estado. | E98: 2 | F98: 7 | G98: 4
C99: 2.8 Sostenibilidad del agua y medio ambiente
D100: 2.8.1 Impulsar acciones para el mejoramiento de los sistemas operadores de agua potable, que permitan mejorar y garantizar el otorgamiento de servicios de calidad. | E100: 2 | F100: 8 | G100: 1
D101: 2.8.2 Desarrollar y fortalecer la infraestructura para el tratamiento y aprovechamiento de aguas residuales. | E101: 2 | F101: 8 | G101: 2
D102: 2.8.3 Impulsar el desarrollo o fortalecimiento de sistemas regionales para la gestión de residuos sólidos. | E102: 2 | F102: 8 | G102: 3
...

Sheet F01-PR Plazas Resumen
F2: ANTEPROYECTO DE PRESUPUESTO DE EGRESOS CON PERSPECTIVA DE GÉNERO 2027 | U2: F01-PZ-2027
F5: Resumen de Plazas
B7: Orden: | D7: ='F00-A Historico y solicitud '!D10 -> 0 | F7: Clasificación Administrativa: | I7: =+'F00-A Historico y solicitud '!D11 -> 0 | O7: Dependencia| Entidad | Ente: | R7: =+'F00-A Historico y solicitud '!D12 -> 0
B11: Plaza de Nueva Creación para el 2027 | C11: Orientación del Gasto | D11: Origen de Financiamiento | E11: Tipo de Contratación | F11: Aprobado 2023 | H11: Aprobado 2024 | J11: Aprobado 2025 | L11: Aprobado 2026 | N11: Modificado 2026 | P11: Solicitado 2027 | R11: Justificación situaciones contingentes *
F12: Cantidad | G12: % | H12: Cantidad | I12: % | J12: Cantidad | K12: % | L12: Cantidad | M12: % | N12: Cantidad | O12: % | P12: Cantidad | Q12: %
F13: 0 | G13: =+F13/$F$31 -> #DIV/0! | H13: 0 | I13: =+H13/$H$31 -> #DIV/0! | J13: 0 | K13: =+J13/$J$31 -> #DIV/0! | L13: 0 | M13: =+L13/$J$31 -> #DIV/0! | N13: 0 | O13: =+N13/$N$31 -> #DIV/0! | P13: 0 | Q13: =+P13/$P$31 -> #DIV/0!
F14: 0 | G14: =+F14/$F$31 -> #DIV/0! | H14: 0 | I14: =+H14/$H$31 -> #DIV/0! | J14: 0 | K14: =+J14/$J$31 -> #DIV/0! | L14: 0 | M14: =+L14/$J$31 -> #DIV/0! | N14: 0 | O14: =+N14/$N$31 -> #DIV/0! | P14: 0 | Q14: =+P14/$P$31 -> #DIV/0!
F15: 0 | G15: =+F15/$F$31 -> #DIV/0! | H15: 0 | I15: =+H15/$H$31 -> #DIV/0! | J15: 0 | K15: =+J15/$J$31 -> #DIV/0! | L15: 0 | M15: =+L15/$J$31 -> #DIV/0! | N15: 0 | O15: =+N15/$N$31 -> #DIV/0! | P15: 0 | Q15: =+P15/$P$31 -> #DIV/0!
F16: 0 | G16: =+F16/$F$31 -> #DIV/0! | H16: 0 | I16: =+H16/$H$31 -> #DIV/0! | J16: 0 | K16: =+J16/$J$31 -> #DIV/0! | L16: 0 | M16: =+L16/$J$31 -> #DIV/0! | N16: 0 | O16: =+N16/$N$31 -> #DIV/0! | P16: 0 | Q16: =+P16/$P$31 -> #DIV/0!
F17: 0 | G17: =+F17/$F$31 -> #DIV/0! | H17: 0 | I17: =+H17/$H$31 -> #DIV/0! | J17: 0 | K17: =+J17/$J$31 -> #DIV/0! | L17: 0 | M17: =+L17/$J$31 -> #DIV/0! | N17: 0 | O17: =+N17/$N$31 -> #DIV/0! | P17: 0 | Q17: =+P17/$P$31 -> #DIV/0!
F18: 0 | G18: =+F18/$F$31 -> #DIV/0! | H18: 0 | I18: =+H18/$H$31 -> #DIV/0! | J18: 0 | K18: =+J18/$J$31 -> #DIV/0! | L18: 0 | M18: =+L18/$J$31 -> #DIV/0! | N18: 0 | O18: =+N18/$N$31 -> #DIV/0! | P18: 0 | Q18: =+P18/$P$31 -> #DIV/0!
F19: 0 | G19: =+F19/$F$31 -> #DIV/0! | H19: 0 | I19: =+H19/$H$31 -> #DIV/0! | J19: 0 | K19: =+J19/$J$31 -> #DIV/0! | L19: 0 | M19: =+L19/$J$31 -> #DIV/0! | N19: 0 | O19: =+N19/$N$31 -> #DIV/0! | P19: 0 | Q19: =+P19/$P$31 -> #DIV/0!
F20: 0 | G20: =+F20/$F$31 -> #DIV/0! | H20: 0 | I20: =+H20/$H$31 -> #DIV/0! | J20: 0 | K20: =+J20/$J$31 -> #DIV/0! | L20: 0 | M20: =+L20/$J$31 -> #DIV/0! | N20: 0 | O20: =+N20/$N$31 -> #DIV/0! | P20: 0 | Q20: =+P20/$P$31 -> #DIV/0!
F21: 0 | G21: =+F21/$F$31 -> #DIV/0! | H21: 0 | I21: =+H21/$H$31 -> #DIV/0! | J21: 0 | K21: =+J21/$J$31 -> #DIV/0! | L21: 0 | M21: =+L21/$J$31 -> #DIV/0! | N21: 0 | O21: =+N21/$N$31 -> #DIV/0! | P21: 0 | Q21: =+P21/$P$31 -> #DIV/0!
F22: 0 | G22: =+F22/$F$31 -> #DIV/0! | H22: 0 | I22: =+H22/$H$31 -> #DIV/0! | J22: 0 | K22: =+J22/$J$31 -> #DIV/0! | L22: 0 | M22: =+L22/$J$31 -> #DIV/0! | N22: 0 | O22: =+N22/$N$31 -> #DIV/0! | P22: 0 | Q22: =+P22/$P$31 -> #DIV/0!
F23: 0 | G23: =+F23/$F$31 -> #DIV/0! | H23: 0 | I23: =+H23/$H$31 -> #DIV/0! | J23: 0 | K23: =+J23/$J$31 -> #DIV/0! | L23: 0 | M23: =+L23/$J$31 -> #DIV/0! | N23: 0 | O23: =+N23/$N$31 -> #DIV/0! | P23: 0 | Q23: =+P23/$P$31 -> #DIV/0!
F24: 0 | G24: =+F24/$F$31 -> #DIV/0! | H24: 0 | I24: =+H24/$H$31 -> #DIV/0! | J24: 0 | K24: =+J24/$J$31 -> #DIV/0! | L24: 0 | M24: =+L24/$J$31 -> #DIV/0! | N24: 0 | O24: =+N24/$N$31 -> #DIV/0! | P24: 0 | Q24: =+P24/$P$31 -> #DIV/0!
... F30: 0 | G30: =+F30/$F$31 -> #DIV/0! | H30: 0 | I30: =+H30/$H$31 -> #DIV/0! | J30: 0 | K30: =+J30/$J$31 -> #DIV/0! | L30: 0 | M30: =+L30/$J$31 -> #DIV/0! | N30: 0 | O30: =+N30/$N$31 -> #DIV/0! | P30: 0 | Q30: =+P30/$P$31 -> #DIV/0!
B31: Total General | F31: =SUM(F13:F30) -> 0 | G31: =SUM(G13:G30) -> #DIV/0! | H31: =SUM(H13:H30) -> 0 | I31: =SUM(I13:I30) -> #DIV/0! | J31: =SUM(J13:J30) -> 0 | K31: =SUM(K13:K30) -> #DIV/0! | N31: =SUM(N13:N30) -> 0 | O31: =SUM(O13:O30) -> #DIV/0! | P31: =SUM(P13:P30) -> 0 | Q31: =SUM(Q13:Q30) -> #DIV/0!
B34: * Nota 1: En el apartado de Justificación situaciones contingentes, se describirán las observaciones sobre el concepto del gasto cuando se considere pertinentes señalar.
B35: * Nota 2: En el apartado de Tipo de contratación se deberá de señalar si es de base, confianza, honorarios, contrato, sindicalizado, etc.
B36: * Nota 3: En caso de que se solicite una Plaza de Nueva Creación para el 2026 se debera de justificar la solicitud en la seccion de Justificación situaciones contingentes.

Sheet F01-PB BasePlazas
E2: ANTEPROYECTO DE PRESUPUESTO DE EGRESOS CON PERSPECTIVA DE GÉNERO 2027 | Q2: F01-PZb-2027
E5: Base de datos de Plazas de la Dependencia / Entidad / Ente Público
B7: Orden: | C7: ='F00-A Historico y solicitud '!D10 -> 0 | E7: Clasificación Administrativa: | G7: =+'F00-A Historico y solicitud '!D11 -> 0 | J7: Dependencia| Entidad | Ente: | M7: =+'F00-A Historico y solicitud '!D12 -> 0
B11: Orientación del Gasto | C11: Origen de Financiamiento | D11: Tipo de Contratación | E11: Apellido Paterno | F11: Apellido Materno | G11: Nombres | H11: CURP | I11: RFC | J11: Categoría Conforme al Tabulador de Sueldos | K11: Plaza de Nueva Creación para el 2027 | L11: Costo total de la Plaza para el ejercicio 2027 | M11: UR | N11: PP | O11: ES | P11: PrPr | Q11: Com | R11: Act | S11: TP
B31: Total General | M31: =SUM(M13:M30) -> 0 | N31: =SUM(N13:N30) -> 0 | O31: =SUM(O13:O30) -> 0 | P31: =SUM(P13:P30) -> 0 | Q31: =SUM(Q13:Q30) -> 0 | R31: =SUM(R13:R30) -> 0 | S31: =SUM(S13:S30) -> 0
B33: * Nota: En el apartado de Plaza de Nueva Creación para el 2027 señalar Si o No según sea al caso.

Sheet F02-CA Calendario 2027 
C2: ANTEPROYECTO DE PRESUPUESTO DE EGRESOS CON PERSPECTIVA DE GÉNERO 2027 | N2: F02-CA-2027
C4: Calendario Presupuestal de Egresos del 2027
C6: Orden: | D6: ='F00-A Historico y solicitud '!D10 -> 0 | F6: Clasificación Administrativa: | H6: =+'F00-A Historico y solicitud '!D11 -> 0 | J6: Dependencia| Entidad | Ente: | L6: =+'F00-A Historico y solicitud '!D12 -> 0
B9: Concepto | C9: Anual | D9: Enero | E9: Febrero | F9: Marzo | G9: Abril | H9: Mayo | I9: Junio | J9: Julio | K9: Agosto | L9: Septiembre | M9: Octubre | N9: Noviembre | O9: Diciembre
B11: Presupuesto total calendarizado por Capítulo
B12: 1000.- Servicios Personales | C12: =SUM(D12:O12) -> 0 | D12: =+D34+D46+D58+D70+D82 -> 0 | E12: =+E34+E46+E58+E70+E82 -> 0 | F12: =+F34+F46+F58+F70+F82 -> 0 | G12: =+G34+G46+G58+G70+G82 -> 0 | H12: =+H34+H46+H58+H70+H82 -> 0 | I12: =+I34+I46+I58+I70+I82 -> 0 | J12: =+J34+J46+J58+J70+J82 -> 0 | K12: =+K34+K46+K58+K70+K82 -> 0 | ... O12: =+O34+O46+O58+O70+O82 -> 0
B13: 2000.- Materiales y Suministros | C13: =SUM(D13:O13) -> 0 | D13: =+D35+D47+D59+D71+D83 -> 0 | E13: =+E35+E47+E59+E71+E83 -> 0 | F13: =+F35+F47+F59+F71+F83 -> 0 | G13: =+G35+G47+G59+G71+G83 -> 0 | H13: =+H35+H47+H59+H71+H83 -> 0 | I13: =+I35+I47+I59+I71+I83 -> 0 | J13: =+J35+J47+J59+J71+J83 -> 0 | K13: =+K35+K47+K59+K71+K83 -> 0 | ... O13: =+O35+O47+O59+O71+O83 -> 0
B14: 3000.- Servicios Generales | C14: =SUM(D14:O14) -> 0 | D14: =+D36+D48+D60+D72+D84 -> 0 | E14: =+E36+E48+E60+E72+E84 -> 0 | F14: =+F36+F48+F60+F72+F84 -> 0 | G14: =+G36+G48+G60+G72+G84 -> 0 | H14: =+H36+H48+H60+H72+H84 -> 0 | I14: =+I36+I48+I60+I72+I84 -> 0 | J14: =+J36+J48+J60+J72+J84 -> 0 | K14: =+K36+K48+K60+K72+K84 -> 0 | ... O14: =+O36+O48+O60+O72+O84 -> 0
B15: 4000.- Transferencias, Ayudas Sociales y Otros Subsidios | C15: =SUM(D15:O15) -> 0 | D15: =+D37+D49+D61+D73+D85 -> 0 | E15: =+E37+E49+E61+E73+E85 -> 0 | F15: =+F37+F49+F61+F73+F85 -> 0 | G15: =+G37+G49+G61+G73+G85 -> 0 | H15: =+H37+H49+H61+H73+H85 -> 0 | I15: =+I37+I49+I61+I73+I85 -> 0 | J15: =+J37+J49+J61+J73+J85 -> 0 | K15: =+K37+K49+K61+K73+K85 -> 0 | ... O15: =+O37+O49+O61+O73+O85 -> 0
B16: 5000.- Bienes Muebles, Inmuebles e Intangibles | C16: =SUM(D16:O16) -> 0 | D16: =+D38+D50+D62+D74+D86 -> 0 | E16: =+E38+E50+E62+E74+E86 -> 0 | F16: =+F38+F50+F62+F74+F86 -> 0 | G16: =+G38+G50+G62+G74+G86 -> 0 | H16: =+H38+H50+H62+H74+H86 -> 0 | I16: =+I38+I50+I62+I74+I86 -> 0 | J16: =+J38+J50+J62+J74+J86 -> 0 | K16: =+K38+K50+K62+K74+K86 -> 0 | ... O16: =+O38+O50+O62+O74+O86 -> 0
B17: 6000.- Inversión Pública | C17: =SUM(D17:O17) -> 0 | D17: =+D39+D51+D63+D75+D87 -> 0 | E17: =+E39+E51+E63+E75+E87 -> 0 | F17: =+F39+F51+F63+F75+F87 -> 0 | G17: =+G39+G51+G63+G75+G87 -> 0 | H17: =+H39+H51+H63+H75+H87 -> 0 | I17: =+I39+I51+I63+I75+I87 -> 0 | J17: =+J39+J51+J63+J75+J87 -> 0 | K17: =+K39+K51+K63+K75+K87 -> 0 | ... O17: =+O39+O51+O63+O75+O87 -> 0
B18: 7000.-Inversiones financieras y otras Previsiones | C18: =SUM(D18:O18) -> 0 | D18: =+D40+D52+D64+D76+D88 -> 0 | E18: =+E40+E52+E64+E76+E88 -> 0 | F18: =+F40+F52+F64+F76+F88 -> 0 | G18: =+G40+G52+G64+G76+G88 -> 0 | H18: =+H40+H52+H64+H76+H88 -> 0 | I18: =+I40+I52+I64+I76+I88 -> 0 | J18: =+J40+J52+J64+J76+J88 -> 0 | K18: =+K40+K52+K64+K76+K88 -> 0 | ... O18: =+O40+O52+O64+O76+O88 -> 0
B19: 8000.- Participaciones y Aportaciones | C19: =SUM(D19:O19) -> 0 | D19: =+D41+D53+D65+D77+D89 -> 0 | E19: =+E41+E53+E65+E77+E89 -> 0 | F19: =+F41+F53+F65+F77+F89 -> 0 | G19: =+G41+G53+G65+G77+G89 -> 0 | H19: =+H41+H53+H65+H77+H89 -> 0 | I19: =+I41+I53+I65+I77+I89 -> 0 | J19: =+J41+J53+J65+J77+J89 -> 0 | K19: =+K41+K53+K65+K77+K89 -> 0 | ... O19: =+O41+O53+O65+O77+O89 -> 0
B20: 9000.-Deuda Pública | C20: =SUM(D20:O20) -> 0 | D20: =+D42+D54+D66+D78+D90 -> 0 | E20: =+E42+E54+E66+E78+E90 -> 0 | F20: =+F42+F54+F66+F78+F90 -> 0 | G20: =+G42+G54+G66+G78+G90 -> 0 | H20: =+H42+H54+H66+H78+H90 -> 0 | I20: =+I42+I54+I66+I78+I90 -> 0 | J20: =+J42+J54+J66+J78+J90 -> 0 | K20: =+K42+K54+K66+K78+K90 -> 0 | ... O20: =+O42+O54+O66+O78+O90 -> 0
B21: Total General por Capítulo | C21: =SUM(C12:C20) -> 0 | D21: =SUM(D12:D20) -> 0 | E21: =SUM(E12:E20) -> 0 | F21: =SUM(F12:F20) -> 0 | G21: =SUM(G12:G20) -> 0 | H21: =SUM(H12:H20) -> 0 | I21: =SUM(I12:I20) -> 0 | J21: =SUM(J12:J20) -> 0 | ... O21: =SUM(O12:O20) -> 0
B23: Presupuesto total calendarizado por Origen
B24: Recursos de libre disposición (Participaciones) | C24: =+C43 -> 0 | D24: =+D43 -> 0 | E24: =+E43 -> 0 | F24: =+F43 -> 0 | G24: =+G43 -> 0 | H24: =+H43 -> 0 | I24: =+I43 -> 0 | J24: =+J43 -> 0 | ... O24: =+O43 -> 0
B25: Recursos de libre disposición (Fiscales) | C25: =+C55 -> 0 | D25: =+D55 -> 0 | E25: =+E55 -> 0 | F25: =+F55 -> 0 | G25: =+G55 -> 0 | H25: =+H55 -> 0 | I25: =+I55 -> 0 | J25: =+J55 -> 0 | ... O25: =+O55 -> 0
B26: Recursos de libre disposición (Propios) | C26: =+C67 -> 0 | D26: =+D67 -> 0 | E26: =+E67 -> 0 | F26: =+F67 -> 0 | G26: =+G67 -> 0 | H26: =+H67 -> 0 | I26: =+I67 -> 0 | J26: =+J67 -> 0 | ... O26: =+O67 -> 0
B27: Recursos Estatales | C27: =SUM(C24:C26) -> 0 | D27: =SUM(D24:D26) -> 0 | E27: =SUM(E24:E26) -> 0 | F27: =SUM(F24:F26) -> 0 | G27: =SUM(G24:G26) -> 0 | H27: =SUM(H24:H26) -> 0 | I27: =SUM(I24:I26) -> 0 | J27: =SUM(J24:J26) -> 0 | ... O27: =SUM(O24:O26) -> 0
B28: Recursos Federales (etiquetados) | C28: =+C79 -> 0 | D28: =+D79 -> 0 | E28: =+E79 -> 0 | F28: =+F79 -> 0 | G28: =+G79 -> 0 | H28: =+H79 -> 0 | I28: =+I79 -> 0 | J28: =+J79 -> 0 | ... O28: =+O79 -> 0
B29: Otros Recursos | C29: =+C91 -> 0 | D29: =+D91 -> 0 | E29: =+E91 -> 0 | F29: =+F91 -> 0 | G29: =+G91 -> 0 | H29: =+H91 -> 0 | I29: =+I91 -> 0 | J29: =+J91 -> 0 | ... O29: =+O91 -> 0
B30: Total General por Origen | C30: =SUM(C27:C29) -> 0 | D30: =SUM(D27:D29) -> 0 | E30: =SUM(E27:E29) -> 0 | F30: =SUM(F27:F29) -> 0 | G30: =SUM(G27:G29) -> 0 | H30: =SUM(H27:H29) -> 0 | I30: =SUM(I27:I29) -> 0 | J30: =SUM(J27:J29) -> 0 | ... O30: =SUM(O27:O29) -> 0
B32: Detalle por origen
B33: Recursos de libre disposición (Participaciones)
B34: 1000.- Servicios Personales | C34: =SUM(D34:O34) -> 0 | D34: 0 | E34: 0 | F34: 0 | G34: 0 | H34: 0 | I34: 0 | J34: 0 | K34: 0 | L34: 0 | M34: 0 | N34: 0 | O34: 0
B35: 2000.- Materiales y Suministros | C35: =SUM(D35:O35) -> 0 | D35: 0 | E35: 0 | F35: 0 | G35: 0 | H35: 0 | I35: 0 | J35: 0 | K35: 0 | L35: 0 | M35: 0 | N35: 0 | O35: 0
B36: 3000.- Servicios Generales | C36: =SUM(D36:O36) -> 0 | D36: 0 | E36: 0 | F36: 0 | G36: 0 | H36: 0 | I36: 0 | J36: 0 | K36: 0 | L36: 0 | M36: 0 | N36: 0 | O36: 0
B37: 4000.- Transferencias, Ayudas Sociales y Otros Subsidios | C37: =SUM(D37:O37) -> 0 | D37: 0 | E37: 0 | F37: 0 | G37: 0 | H37: 0 | I37: 0 | J37: 0 | K37: 0 | L37: 0 | M37: 0 | N37: 0 | O37: 0
B38: 5000.- Bienes Muebles, Inmuebles e Intangibles | C38: =SUM(D38:O38) -> 0 | D38: 0 | E38: 0 | F38: 0 | G38: 0 | H38: 0 | I38: 0 | J38: 0 | K38: 0 | L38: 0 | M38: 0 | N38: 0 | O38: 0
B39: 6000.- Inversión Pública | C39: =SUM(D39:O39) -> 0 | D39: 0 | E39: 0 | F39: 0 | G39: 0 | H39: 0 | I39: 0 | J39: 0 | K39: 0 | L39: 0 | M39: 0 | N39: 0 | O39: 0
B40: 7000.-Inversiones financieras y otras Previsiones | C40: =SUM(D40:O40) -> 0 | D40: 0 | E40: 0 | F40: 0 | G40: 0 | H40: 0 | I40: 0 | J40: 0 | K40: 0 | L40: 0 | M40: 0 | N40: 0 | O40: 0
B41: 8000.- Participaciones y Aportaciones | C41: =SUM(D41:O41) -> 0 | D41: 0 | E41: 0 | F41: 0 | G41: 0 | H41: 0 | I41: 0 | J41: 0 | K41: 0 | L41: 0 | M41: 0 | N41: 0 | O41: 0
B42: 9000.-Deuda Pública | C42: =SUM(D42:O42) -> 0 | D42: 0 | E42: 0 | F42: 0 | G42: 0 | H42: 0 | I42: 0 | J42: 0 | K42: 0 | L42: 0 | M42: 0 | N42: 0 | O42: 0
B43: Total General | C43: =SUM(C34:C42) -> 0 | D43: =SUM(D34:D42) -> 0 | E43: =SUM(E34:E42) -> 0 | F43: =SUM(F34:F42) -> 0 | G43: =SUM(G34:G42) -> 0 | H43: =SUM(H34:H42) -> 0 | I43: =SUM(I34:I42) -> 0 | J43: =SUM(J34:J42) -> 0 | ... O43: =SUM(O34:O42) -> 0
B45: Recursos de libre disposición (Fiscales)
B46: 1000.- Servicios Personales | C46: =SUM(D46:O46) -> 0 | D46: 0 | E46: 0 | F46: 0 | G46: 0 | H46: 0 | I46: 0 | J46: 0 | K46: 0 | L46: 0 | M46: 0 | N46: 0 | O46: 0
B47: 2000.- Materiales y Suministros | C47: =SUM(D47:O47) -> 0 | D47: 0 | E47: 0 | F47: 0 | G47: 0 | H47: 0 | I47: 0 | J47: 0 | K47: 0 | L47: 0 | M47: 0 | N47: 0 | O47: 0
B48: 3000.- Servicios Generales | C48: =SUM(D48:O48) -> 0 | D48: 0 | E48: 0 | F48: 0 | G48: 0 | H48: 0 | I48: 0 | J48: 0 | K48: 0 | L48: 0 | M48: 0 | N48: 0 | O48: 0
B49: 4000.- Transferencias, Ayudas Sociales y Otros Subsidios | C49: =SUM(D49:O49) -> 0 | D49: 0 | E49: 0 | F49: 0 | G49: 0 | H49: 0 | I49: 0 | J49: 0 | K49: 0 | L49: 0 | M49: 0 | N49: 0 | O49: 0
B50: 5000.- Bienes Muebles, Inmuebles e Intangibles | C50: =SUM(D50:O50) -> 0 | D50: 0 | E50: 0 | F50: 0 | G50: 0 | H50: 0 | I50: 0 | J50: 0 | K50: 0 | L50: 0 | M50: 0 | N50: 0 | O50: 0
B51: 6000.- Inversión Pública | C51: =SUM(D51:O51) -> 0 | D51: 0 | E51: 0 | F51: 0 | G51: 0 | H51: 0 | I51: 0 | J51: 0 | K51: 0 | L51: 0 | M51: 0 | N51: 0 | O51: 0
B52: 7000.-Inversiones financieras y otras Previsiones | C52: =SUM(D52:O52) -> 0 | D52: 0 | E52: 0 | F52: 0 | G52: 0 | H52: 0 | I52: 0 | J52: 0 | K52: 0 | L52: 0 | M52: 0 | N52: 0 | O52: 0
B53: 8000.- Participaciones y Aportaciones | C53: =SUM(D53:O53) -> 0 | D53: 0 | E53: 0 | F53: 0 | G53: 0 | H53: 0 | I53: 0 | J53: 0 | K53: 0 | L53: 0 | M53: 0 | N53: 0 | O53: 0
B54: 9000.-Deuda Pública | C54: =SUM(D54:O54) -> 0 | D54: 0 | E54: 0 | F54: 0 | G54: 0 | H54: 0 | I54: 0 | J54: 0 | K54: 0 | L54: 0 | M54: 0 | N54: 0 | O54: 0
B55: Total General | C55: =SUM(C46:C54) -> 0 | D55: =SUM(D46:D54) -> 0 | E55: =SUM(E46:E54) -> 0 | F55: =SUM(F46:F54) -> 0 | G55: =SUM(G46:G54) -> 0 | H55: =SUM(H46:H54) -> 0 | I55: =SUM(I46:I54) -> 0 | J55: =SUM(J46:J54) -> 0 | ... O55: =SUM(O46:O54) -> 0
B57: Recursos de libre disposición (Propios)
B58: 1000.- Servicios Personales | C58: =SUM(D58:O58) -> 0 | D58: 0 | E58: 0 | F58: 0 | G58: 0 | H58: 0 | I58: 0 | J58: 0 | K58: 0 | L58: 0 | M58: 0 | N58: 0 | O58: 0
B59: 2000.- Materiales y Suministros | C59: =SUM(D59:O59) -> 0 | D59: 0 | E59: 0 | F59: 0 | G59: 0 | H59: 0 | I59: 0 | J59: 0 | K59: 0 | L59: 0 | M59: 0 | N59: 0 | O59: 0
B60: 3000.- Servicios Generales | C60: =SUM(D60:O60) -> 0 | D60: 0 | E60: 0 | F60: 0 | G60: 0 | H60: 0 | I60: 0 | J60: 0 | K60: 0 | L60: 0 | M60: 0 | N60: 0 | O60: 0
B61: 4000.- Transferencias, Ayudas Sociales y Otros Subsidios | C61: =SUM(D61:O61) -> 0 | D61: 0 | E61: 0 | F61: 0 | G61: 0 | H61: 0 | I61: 0 | J61: 0 | K61: 0 | L61: 0 | M61: 0 | N61: 0 | O61: 0
B62: 5000.- Bienes Muebles, Inmuebles e Intangibles | C62: =SUM(D62:O62) -> 0 | D62: 0 | E62: 0 | F62: 0 | G62: 0 | H62: 0 | I62: 0 | J62: 0 | K62: 0 | L62: 0 | M62: 0 | N62: 0 | O62: 0
B63: 6000.- Inversión Pública | C63: =SUM(D63:O63) -> 0 | D63: 0 | E63: 0 | F63: 0 | G63: 0 | H63: 0 | I63: 0 | J63: 0 | K63: 0 | L63: 0 | M63: 0 | N63: 0 | O63: 0
B64: 7000.-Inversiones financieras y otras Previsiones | C64: =SUM(D64:O64) -> 0 | D64: 0 | E64: 0 | F64: 0 | G64: 0 | H64: 0 | I64: 0 | J64: 0 | K64: 0 | L64: 0 | M64: 0 | N64: 0 | O64: 0
B65: 8000.- Participaciones y Aportaciones | C65: =SUM(D65:O65) -> 0 | D65: 0 | E65: 0 | F65: 0 | G65: 0 | H65: 0 | I65: 0 | J65: 0 | K65: 0 | L65: 0 | M65: 0 | N65: 0 | O65: 0
B66: 9000.-Deuda Pública | C66: =SUM(D66:O66) -> 0 | D66: 0 | E66: 0 | F66: 0 | G66: 0 | H66: 0 | I66: 0 | J66: 0 | K66: 0 | L66: 0 | M66: 0 | N66: 0 | O66: 0
B67: Total General | C67: =SUM(C58:C66) -> 0 | D67: =SUM(D58:D66) -> 0 | E67: =SUM(E58:E66) -> 0 | F67: =SUM(F58:F66) -> 0 | G67: =SUM(G58:G66) -> 0 | H67: =SUM(H58:H66) -> 0 | I67: =SUM(I58:I66) -> 0 | J67: =SUM(J58:J66) -> 0 | ... O67: =SUM(O58:O66) -> 0
B69: Recursos Federales (etiquetados)
B70: 1000.- Servicios Personales | C70: =SUM(D70:O70) -> 0 | D70: 0 | E70: 0 | F70: 0 | G70: 0 | H70: 0 | I70: 0 | J70: 0 | K70: 0 | L70: 0 | M70: 0 | N70: 0 | O70: 0
B71: 2000.- Materiales y Suministros | C71: =SUM(D71:O71) -> 0 | D71: 0 | E71: 0 | F71: 0 | G71: 0 | H71: 0 | I71: 0 | J71: 0 | K71: 0 | L71: 0 | M71: 0 | N71: 0 | O71: 0
B72: 3000.- Servicios Generales | C72: =SUM(D72:O72) -> 0 | D72: 0 | E72: 0 | F72: 0 | G72: 0 | H72: 0 | I72: 0 | J72: 0 | K72: 0 | L72: 0 | M72: 0 | N72: 0 | O72: 0
B73: 4000.- Transferencias, Ayudas Sociales y Otros Subsidios | C73: =SUM(D73:O73) -> 0 | D73: 0 | E73: 0 | F73: 0 | G73: 0 | H73: 0 | I73: 0 | J73: 0 | K73: 0 | L73: 0 | M73: 0 | N73: 0 | O73: 0
B74: 5000.- Bienes Muebles, Inmuebles e Intangibles | C74: =SUM(D74:O74) -> 0 | D74: 0 | E74: 0 | F74: 0 | G74: 0 | H74: 0 | I74: 0 | J74: 0 | K74: 0 | L74: 0 | M74: 0 | N74: 0 | O74: 0
B75: 6000.- Inversión Pública | C75: =SUM(D75:O75) -> 0 | D75: 0 | E75: 0 | F75: 0 | G75: 0 | H75: 0 | I75: 0 | J75: 0 | K75: 0 | L75: 0 | M75: 0 | N75: 0 | O75: 0
B76: 7000.-Inversiones financieras y otras Previsiones | C76: =SUM(D76:O76) -> 0 | D76: 0 | E76: 0 | F76: 0 | G76: 0 | H76: 0 | I76: 0 | J76: 0 | K76: 0 | L76: 0 | M76: 0 | N76: 0 | O76: 0
B77: 8000.- Participaciones y Aportaciones | C77: =SUM(D77:O77) -> 0 | D77: 0 | E77: 0 | F77: 0 | G77: 0 | H77: 0 | I77: 0 | J77: 0 | K77: 0 | L77: 0 | M77: 0 | N77: 0 | O77: 0
B78: 9000.-Deuda Pública | C78: =SUM(D78:O78) -> 0 | D78: 0 | E78: 0 | F78: 0 | G78: 0 | H78: 0 | I78: 0 | J78: 0 | K78: 0 | L78: 0 | M78: 0 | N78: 0 | O78: 0
B79: Total General | C79: =SUM(C70:C78) -> 0 | D79: =SUM(D70:D78) -> 0 | E79: =SUM(E70:E78) -> 0 | F79: =SUM(F70:F78) -> 0 | G79: =SUM(G70:G78) -> 0 | H79: =SUM(H70:H78) -> 0 | I79: =SUM(I70:I78) -> 0 | J79: =SUM(J70:J78) -> 0 | ... O79: =SUM(O70:O78) -> 0
B81: Otros Recursos (Especiíficar)
B82: 1000.- Servicios Personales | C82: =SUM(D82:O82) -> 0 | D82: 0 | E82: 0 | F82: 0 | G82: 0 | H82: 0 | I82: 0 | J82: 0 | K82: 0 | L82: 0 | M82: 0 | N82: 0 | O82: 0
B83: 2000.- Materiales y Suministros | C83: =SUM(D83:O83) -> 0 | D83: 0 | E83: 0 | F83: 0 | G83: 0 | H83: 0 | I83: 0 | J83: 0 | K83: 0 | L83: 0 | M83: 0 | N83: 0 | O83: 0
B84: 3000.- Servicios Generales | C84: =SUM(D84:O84) -> 0 | D84: 0 | E84: 0 | F84: 0 | G84: 0 | H84: 0 | I84: 0 | J84: 0 | K84: 0 | L84: 0 | M84: 0 | N84: 0 | O84: 0
B85: 4000.- Transferencias, Ayudas Sociales y Otros Subsidios | C85: =SUM(D85:O85) -> 0 | D85: 0 | E85: 0 | F85: 0 | G85: 0 | H85: 0 | I85: 0 | J85: 0 | K85: 0 | L85: 0 | M85: 0 | N85: 0 | O85: 0
B86: 5000.- Bienes Muebles, Inmuebles e Intangibles | C86: =SUM(D86:O86) -> 0 | D86: 0 | E86: 0 | F86: 0 | G86: 0 | H86: 0 | I86: 0 | J86: 0 | K86: 0 | L86: 0 | M86: 0 | N86: 0 | O86: 0
B87: 6000.- Inversión Pública | C87: =SUM(D87:O87) -> 0 | D87: 0 | E87: 0 | F87: 0 | G87: 0 | H87: 0 | I87: 0 | J87: 0 | K87: 0 | L87: 0 | M87: 0 | N87: 0 | O87: 0
B88: 7000.-Inversiones financieras y otras Previsiones | C88: =SUM(D88:O88) -> 0 | D88: 0 | E88: 0 | F88: 0 | G88: 0 | H88: 0 | I88: 0 | J88: 0 | K88: 0 | L88: 0 | M88: 0 | N88: 0 | O88: 0
B89: 8000.- Participaciones y Aportaciones | C89: =SUM(D89:O89) -> 0 | D89: 0 | E89: 0 | F89: 0 | G89: 0 | H89: 0 | I89: 0 | J89: 0 | K89: 0 | L89: 0 | M89: 0 | N89: 0 | O89: 0
B90: 9000.-Deuda Pública | C90: =SUM(D90:O90) -> 0 | D90: 0 | E90: 0 | F90: 0 | G90: 0 | H90: 0 | I90: 0 | J90: 0 | K90: 0 | L90: 0 | M90: 0 | N90: 0 | O90: 0
B91: Total General | C91: =SUM(C82:C90) -> 0 | D91: =SUM(D82:D90) -> 0 | E91: =SUM(E82:E90) -> 0 | F91: =SUM(F82:F90) -> 0 | G91: =SUM(G82:G90) -> 0 | H91: =SUM(H82:H90) -> 0 | I91: =SUM(I82:I90) -> 0 | J91: =SUM(J82:J90) -> 0 | ... O91: =SUM(O82:O90) -> 0

Sheet F03-OG Clasif Objeto Gasto
E2: ANTEPROYECTO DE PRESUPUESTO DE EGRESOS CON PERSPECTIVA DE GÉNERO 2027 | S2: F03-OG-2027
E5: Clasificador por Objeto del Gasto
B7: Orden: | C7: ='F00-A Historico y solicitud '!D10 -> 0 | E7: Clasificación Administrativa: | H7: =+'F00-A Historico y solicitud '!D11 -> 0 | L7: Dependencia| Entidad | Ente: | Q7: =+'F00-A Historico y solicitud '!D12 -> 0
B11: Orientación del Gasto | C11: Capítulo | D11: Partida | E11: Aprobado 2023 | G11: Aprobado 2024 | I11: Aprobado 2025 | K11: Aprobado 2026 | M11: Modificado 2026 | O11: Solicitado 2027 | Q11: Justificación situaciones contingentes * | R11: Medida de Austeridad Implementada | S11: Importe anual del Ahorro Generado por Medida de Austeridad
E12: $ | F12: % | G12: $ | H12: % | I12: $ | J12: % | K12: $ | L12: % | O12: $ | P12: %
E13: 0 | F13: =+E13/$E$50 -> #DIV/0! | G13: 0 | H13: =+G13/$G$50 -> #DIV/0! | I13: 0 | J13: =+I13/$I$50 -> #DIV/0! | K13: 0 | L13: =+K13/$K$50 -> #DIV/0! | M13: 0 | N13: =+M13/$K$50 -> #DIV/0! | O13: 0 | P13: =+O13/$O$50 -> #DIV/0!
E14: 0 | F14: =+E14/$E$50 -> #DIV/0! | G14: 0 | H14: =+G14/$G$50 -> #DIV/0! | I14: 0 | J14: =+I14/$I$50 -> #DIV/0! | K14: 0 | L14: =+K14/$K$50 -> #DIV/0! | M14: 0 | N14: =+M14/$K$50 -> #DIV/0! | O14: 0 | P14: =+O14/$O$50 -> #DIV/0!
E15: 0 | F15: =+E15/$E$50 -> #DIV/0! | G15: 0 | H15: =+G15/$G$50 -> #DIV/0! | I15: 0 | J15: =+I15/$I$50 -> #DIV/0! | K15: 0 | L15: =+K15/$K$50 -> #DIV/0! | M15: 0 | N15: =+M15/$K$50 -> #DIV/0! | O15: 0 | P15: =+O15/$O$50 -> #DIV/0!
E16: 0 | F16: =+E16/$E$50 -> #DIV/0! | G16: 0 | H16: =+G16/$G$50 -> #DIV/0! | I16: 0 | J16: =+I16/$I$50 -> #DIV/0! | K16: 0 | L16: =+K16/$K$50 -> #DIV/0! | M16: 0 | N16: =+M16/$K$50 -> #DIV/0! | O16: 0 | P16: =+O16/$O$50 -> #DIV/0!
E17: 0 | F17: =+E17/$E$50 -> #DIV/0! | G17: 0 | H17: =+G17/$G$50 -> #DIV/0! | I17: 0 | J17: =+I17/$I$50 -> #DIV/0! | K17: 0 | L17: =+K17/$K$50 -> #DIV/0! | M17: 0 | N17: =+M17/$K$50 -> #DIV/0! | O17: 0 | P17: =+O17/$O$50 -> #DIV/0!
E18: 0 | F18: =+E18/$E$50 -> #DIV/0! | G18: 0 | H18: =+G18/$G$50 -> #DIV/0! | I18: 0 | J18: =+I18/$I$50 -> #DIV/0! | K18: 0 | L18: =+K18/$K$50 -> #DIV/0! | M18: 0 | N18: =+M18/$K$50 -> #DIV/0! | O18: 0 | P18: =+O18/$O$50 -> #DIV/0!
E19: 0 | F19: =+E19/$E$50 -> #DIV/0! | G19: 0 | H19: =+G19/$G$50 -> #DIV/0! | I19: 0 | J19: =+I19/$I$50 -> #DIV/0! | K19: 0 | L19: =+K19/$K$50 -> #DIV/0! | M19: 0 | N19: =+M19/$K$50 -> #DIV/0! | O19: 0 | P19: =+O19/$O$50 -> #DIV/0!
E20: 0 | F20: =+E20/$E$50 -> #DIV/0! | G20: 0 | H20: =+G20/$G$50 -> #DIV/0! | I20: 0 | J20: =+I20/$I$50 -> #DIV/0! | K20: 0 | L20: =+K20/$K$50 -> #DIV/0! | M20: 0 | N20: =+M20/$K$50 -> #DIV/0! | O20: 0 | P20: =+O20/$O$50 -> #DIV/0!
E21: 0 | F21: =+E21/$E$50 -> #DIV/0! | G21: 0 | H21: =+G21/$G$50 -> #DIV/0! | I21: 0 | J21: =+I21/$I$50 -> #DIV/0! | K21: 0 | L21: =+K21/$K$50 -> #DIV/0! | M21: 0 | N21: =+M21/$K$50 -> #DIV/0! | O21: 0 | P21: =+O21/$O$50 -> #DIV/0!
E22: 0 | F22: =+E22/$E$50 -> #DIV/0! | G22: 0 | H22: =+G22/$G$50 -> #DIV/0! | I22: 0 | J22: =+I22/$I$50 -> #DIV/0! | K22: 0 | L22: =+K22/$K$50 -> #DIV/0! | M22: 0 | N22: =+M22/$K$50 -> #DIV/0! | O22: 0 | P22: =+O22/$O$50 -> #DIV/0!
E23: 0 | F23: =+E23/$E$50 -> #DIV/0! | G23: 0 | H23: =+G23/$G$50 -> #DIV/0! | I23: 0 | J23: =+I23/$I$50 -> #DIV/0! | K23: 0 | L23: =+K23/$K$50 -> #DIV/0! | M23: 0 | N23: =+M23/$K$50 -> #DIV/0! | O23: 0 | P23: =+O23/$O$50 -> #DIV/0!
E24: 0 | F24: =+E24/$E$50 -> #DIV/0! | G24: 0 | H24: =+G24/$G$50 -> #DIV/0! | I24: 0 | J24: =+I24/$I$50 -> #DIV/0! | K24: 0 | L24: =+K24/$K$50 -> #DIV/0! | M24: 0 | N24: =+M24/$K$50 -> #DIV/0! | O24: 0 | P24: =+O24/$O$50 -> #DIV/0!
... E49: 0 | F49: =+E49/$E$50 -> #DIV/0! | G49: 0 | H49: =+G49/$G$50 -> #DIV/0! | I49: 0 | J49: =+I49/$I$50 -> #DIV/0! | K49: 0 | L49: =+K49/$K$50 -> #DIV/0! | M49: 0 | N49: =+M49/$K$50 -> #DIV/0! | O49: 0 | P49: =+O49/$O$50 -> #DIV/0!
B50: Total General | E50: =SUM(E13:E49) -> 0 | F50: =SUM(F13:F49) -> #DIV/0! | G50: =SUM(G13:G49) -> 0 | H50: =SUM(H13:H49) -> #DIV/0! | I50: =SUM(I13:I49) -> 0 | J50: =SUM(J13:J49) -> #DIV/0! | K50: =SUM(K13:K49) -> 0 | L50: =SUM(L13:L49) -> #DIV/0! | O50: =SUM(O13:O49) -> 0 | P50: =SUM(P13:P49) -> #DIV/0!
B52: * Nota: En el apartado de Justificación situaciones contingentes, se describirán las observaciones sobre el concepto del gasto cuando se considere pertinentes señalar.
B53: * Nota 2: En el apartado de Medida de Austeridad Implementada , se describirán las medidas tomadas y en el periodo de ejcución de la medida .
B54: * Nota 3: En el apartado de Importe anual del Ahorro Generado por Medida de Austeridad, se describirá el importe estimado ahorrado derivado de la medida señalada.

Sheet F04-AS Subsidios y Otras Ayudas
B1: F04-AS-2027 | C1: ANTEPROYECTO DE PRESUPUESTO DE EGRESOS CON PERSPECTIVA DE GÉNERO 2027
C4: Subsidios y Ayudas Sociales
B8: DATOS GENERALES DEL ENTE SOLICITANTE
B9: Orden: | C9: =+'F00-A Historico y solicitud '!D10 -> 0
B10: Clasificación Administrativa: | C10: =+'F00-A Historico y solicitud '!D11 -> 0
B11: Dependencia| Entidad | Ente: | C11: =+'F00-A Historico y solicitud '!D12 -> 0
B12: Sector | C12: =+'F00-A Historico y solicitud '!D13 -> 0
B15: ¿El planteamiento de Inversión a qué alineaciones del Plan Estatal de Desarrollo atiende, específicamente?
B16: Principio Rector | C16: Política Pública | D16: Estrategia
B21: Pregunta | C21: Respuesta | E21: Especificaciones *
B22: Aspectos Generales del Programa/Acción
B23: Programa Presupuestario
B24: Nombre oficial del Programa/Acción
B25: Nombre corto del Programa/Acción
B26: Municipio de ejecución
B27: Localidad de ejecución
B28: Sector al que contribuye
B29: Objetivo del Programa/Acción
B30: Población Objetivo
B31: Breve Descripción del Programa
B32: Estructura financiera
B33: Federal | C33: *Señale la descripción del Fondo | D33: 0
B34: Estatal | C34: *Señale la descripción del Fondo | D34: 0
B35: Municipal | C35: *Señale la descripción del Fondo | D35: 0
B36: Participantes | C36: *Señale la descripción del Fondo | D36: 0
B37: Otros | C37: *Señale la descripción del Fondo | D37: 0
B38: Total | C38: =SUM(C33:C37) -> 0 | D38: =SUM(D33:D37) -> 0
B39: Tipo de Gasto
B40: Gasto Corriente | C40: 0
B41: Gasto de Inversión | C41: 0
B42: Total | C42: =SUM(C37:C41) -> 0
B43: Objeto del Gasto
B44: Partida Genérica Sustantiva | C44: 0
B45: Partida Indirectos | C45: 0
B46: Total | C46: =SUM(C41:C45) -> 0
B47: Características Normativas del Proyecto
B48: El programa contará con disposiciones normativas que regulen su operación. | E48: *Especifique que tipo de normativa (Reglas de Operación, Lineamiento, etc.).
B49: Se identifica a la población objetivo | E49: *Mencionar la población objetivo
B50: El programa tiene un programa similar en el ejercicio 2025 | E50: *Mencionar el Nombre del Programa
B53: * Nota: En la sección de Especificaciones, se deberá de agregar notas cuando se considere relevante aclarar la respuesta.

Sheet F05-AC Activos
B1: F05-AC-2027 | D1: ANTEPROYECTO DE PRESUPUESTO DE EGRESOS CON PERSPECTIVA DE GÉNERO 2027
D4: Activos
B8: DATOS GENERALES DEL ENTE SOLICITANTE
B9: Orden: | C9: =+'F00-A Historico y solicitud '!D10 -> 0
B10: Clasificación Administrativa: | C10: =+'F00-A Historico y solicitud '!D11 -> 0
B11: Dependencia| Entidad | Ente: | C11: =+'F00-A Historico y solicitud '!D12 -> 0
B12: Sector | C12: =+'F00-A Historico y solicitud '!D13 -> 0
B15: Partida | C15: Orientación del Gasto | D15: Artículo / Activo | E15: Cantidad | F15: Precio Unitario | G15: Importe | H15: Estudio de Mercado | I15: Cotización | J15: Fecha de Cotización | K15: Justificación
E16: 0 | F16: =+D16*E16 -> 0 | G16: =+E16*F16 -> 0
E17: 0 | F17: =+D17*E17 -> 0 | G17: =+E17*F17 -> 0
E18: 0 | F18: =+D18*E18 -> 0 | G18: =+E18*F18 -> 0
E19: 0 | F19: =+D19*E19 -> 0 | G19: =+E19*F19 -> 0
E20: 0 | F20: =+D20*E20 -> 0 | G20: =+E20*F20 -> 0
E21: 0 | F21: =+D21*E21 -> 0 | G21: =+E21*F21 -> 0
E22: 0 | F22: =+D22*E22 -> 0 | G22: =+E22*F22 -> 0
E23: 0 | F23: =+D23*E23 -> 0 | G23: =+E23*F23 -> 0
E24: 0 | F24: =+D24*E24 -> 0 | G24: =+E24*F24 -> 0
E25: 0 | F25: =+D25*E25 -> 0 | G25: =+E25*F25 -> 0
E26: 0 | F26: =+D26*E26 -> 0 | G26: =+E26*F26 -> 0
E27: 0 | F27: =+D27*E27 -> 0 | G27: =+E27*F27 -> 0
... E30: 0 | F30: =+D30*E30 -> 0 | G30: =+E30*F30 -> 0
E31: =SUM(E16:E30) -> 0 | G31: =SUM(G16:G30) -> 0
B35: * Nota: En la sección de Especificaciones, se deberá de agregar notas cuando se considere relevante aclarar la respuesta.
B36: *Si Marca con "Si" Estudio de Mercado y/o Cotización, anexe al formato los documentos que prueben tal aseveración.

Sheet F06-IN Inversión 
B1: F06-IN-2027 | C1: ANTEPROYECTO DE PRESUPUESTO DE EGRESOS CON PERSPECTIVA DE GÉNERO 2027
C4: Inversión Pública
B8: DATOS GENERALES DEL ENTE SOLICITANTE
B9: Orden: | C9: =+'F00-A Historico y solicitud '!D10 -> 0
B10: Clasificación Administrativa: | C10: =+'F00-A Historico y solicitud '!D11 -> 0
B11: Dependencia| Entidad | Ente: | C11: =+'F00-A Historico y solicitud '!D12 -> 0
B12: Sector | C12: =+'F00-A Historico y solicitud '!D13 -> 0
B15: ¿El planteamiento de Inversión a qué alineaciones del Plan Estatal de Desarrollo atiende, específicamente?
B16: Principio Rector | C16: Política Pública | D16: Estrategia
B21: Pregunta | C21: Respuesta | E21: Especificaciones *
B22: Aspectos Generales del Proyecto
B23: Programa Presupuestario
B24: Nombre oficial de Obra/Proyecto
B25: Nombre Corto de Obra/Proyecto
B26: Municipio de ejecución
B27: Localidad de ejeución
B28: Sector al que contribuye
B29: Objetivo del Programa/Acción
B30: Población Objetivo
B31: Breve Descripción del Programa
B32: Señalar el origen de Recurso y los Importes que se estiman para la inversión (Estructura Financiera)
B33: Federal | D33: 0
B34: Estatal | D34: 0
B35: Municipal | D35: 0
B36: Participantes | D36: 0
B37: Otros | D37: 0
B38: Total | D38: =SUM(D33:D37) -> 0
B39: Tipo de Gasto del proyecto
B40: Gasto Corriente (Costo Directo) | D40: 0
B41: Gasto de Inversión (Costo Directo) | D41: 0
B42: Indirectos | D42: 0
B43: Costo de Proyecto / Estudios | D43: 0
B44: Total | D44: =SUM(D40:D43) -> 0
B45: Características Normativas del Proyecto
B46: La acción deriva de una necesidad de la infraestructura del estado | E46: Indicar el documento técnico y la justificación que valida la necesidad de la acción
B47: El Proyecto incluye lo siguiente:
B48: I. Investigaciones, asesorías, consultorías y estudios previos, en su caso
B49: II. Proyectos Ejecutivos;
B50: III. Adquisición de los predios o del pago de afectaciones conforme a su régimen de propiedad, en su caso;
B51: IV. Obtención de las licencias, permisos y autorizaciones necesarias;
B52: V. Presupuesto base;
B53: VI. Previsión por posibles ajustes de costos, ajustes en el porcentaje de indirectos o ajuste en el porcentaje de financiamiento
B54: Detalle si es un contrato plurianual | E54: Si la respuesta es "NO" no es necesario seguir con el cuestionario
B55: Gasto a precios para los ejercicio subsecuentes.
B56: 2026 | D56: 0
B57: 2027 | D57: 0
B58: Total | D58: =SUM(D56:D57) -> 0
B59: Gasto devengado en ejercicio actual y anteriores
B60: 2023 | D60: 0
B61: 2024 | D61: 0
B62: 2025 | D62: 0
B63: Total | D63: =SUM(D62:D62) -> 0
B67: * Nota: En la sección de Especificaciones, se deberá de agregar notas cuando se considere relevante aclarar la respuesta.
B68: * Referente a contratos plurianuales, Gasto devengado en ejercicio actual, debe incluir la proyección de cierre de ejercicio de ese momento contable.

Sheet Listas
B1: Poder Ejecutivo Centralizadas:
A2: Poder Ejecutivo | B2: 101 Jefatura de Oficina del Gobernador
A3: Poder Legislativo | B3: 102 Secretaría General de Gobierno
A4: Poder Judicial | B4: 103 Secretaría de Finanzas
A5: Órganos Autónomos | B5: 104 Secretaría de Seguridad Pública
A6: Municipios | B6: 105 Secretaría de Administración
B7: 106 Secretaría de la Función Pública
A8: Poder Ejecutivo | B8: 107 Secretaría de Economía
A9: Poder Ejecutivo Administración Centralizada | B9: 108 Secretaría de Turismo
A10: Poder Ejecutivo Administración Descentralizada -OPD's- | B10: 109 Secretaría de Obras Públicas
A11: Poder Ejecutivo Administración Descentralizada -ODE's- | B11: 110 Secretaría de Educación
A12: Poder Legislativo | B12: 111 Secretaría de Desarrollo Social
A13: Poder Judicial | B13: 112 Secretaría de Salud
A14: Órganos Autónomos | B14: 113 Secretaría de Desarrollo Urbano, Vivienda y Ordenamiento Territorial
A15: Municipios | B15: 114 Secretaría del Agua y Medio Ambiente
B16: 115 Secretaría del Campo
B17: 116 Secretaría de las Mujeres
B18: 117 Secretaría del Zacatecano Migrante
B19: 118 Coordinación General Jurídica
B20: 119 Coordinación Estatal de Planeación
B22: Poder Ejecutivo OPDs:
A23: Ayuntamiento | B23: 501 Sistema Estatal para el Desarrollo Integral de la Familia
A24: Sector Paramunicipal | B24: 502 Consejo Estatal de Desarrollo Económico del Estado de Zacatecas
B25: 503 Consejo Zacatecano de Ciencia, Tecnología e Innovación | D25: 1 | E25: Política Interna y Seguridad | F25: 1
A26: Política Interna y Seguridad | B26: 504 Servicios de Salud de Zacatecas | D26: 2 | E26: Administración | F26: 2
A27: Administración | B27: 505 Instituto de la Defensoría Pública | D27: 3 | E27: Desarrollo Económico | F27: 3
A28: Desarrollo Económico | B28: 506 Instituto de Cultura Física y Deporte del Estado de Zacatecas | D28: 4 | E28: Desarrollo Social | F28: 4
A29: Desarrollo Social | B29: 507 Sistema Zacatecano de Radio y Televisión | D29: 5 | E29: Poder Legislativo | F29: 5
A30: Poder Legislativo | B30: 508 Instituto Zacatecano de Cultura “Ramón López Velarde” | D30: 6 | E30: Poder Judicial | F30: 6
A31: Poder Judicial | B31: 509 Instituto Zacatecano para la Construcción de Escuelas | D31: 7 | E31: Organismos Autónomos | F31: 7
A32: Organismos Autónomos | B32: 510 Junta de Protección y Conservación de Monumentos y Zonas Típicas del Estado de Zacatecas | D32: 8 | E32: Municipios | F32: 8
A33: Municipios | B33: 511 Instituto de la Juventud del Estado de Zacatecas
B34: 512 Instituto para la Atención e Inclusión de las Personas con Discapacidad del Estado de Zacatecas
B35: 513 Comisión Estatal de la Defensa del Contribuyente
B36: 514 Secretaría Ejecutiva del Sistema Estatal Anticorrupción de Zacatecas
B37: 515 Centro de Conciliación Laboral del Estado de Zacatecas
B39: Poder Ejecutivo ODEs:
B40: 541 Universidad Politécnica de Zacatecas
B41: 542 Universidad Politécnica del Sur de Zacatecas
B42: 543 Instituto Tecnológico Superior de Nochistlán
B43: 544 Instituto Tecnológico Superior de Fresnillo
B44: 545 Instituto Tecnológico Superior Zacatecas Sur
B45: 546 Instituto Tecnológico Superior de Loreto
B46: 547 Instituto Tecnológico Superior Zacatecas Norte
... B73: 409 Tribunal de Justicia Laboral Burocrática del Estado de Zacatecas
A76: 1. Hacia una nueva gobernanza | B76: 1.1 Gobernabilidad para la paz social
A77: 2. Bienestar para todos | B77: 1.2 Administración pública eficiente y con sentido social
A78: 3. Ecosistema socioeconómico sólido e inclusivo | B78: 1.3 Construcción de la Paz y la Seguridad
B79: 1.4 Finanzas sanas
B80: 1.5 Participación social en la gestión pública
B81: 2.1 Educación para una sociedad igualitaria y con identidad
B82: 2.2 Salud para el bienestar
B83: 2.3 Infraestructura básica para combatir el rezago social
B84: 2.4 Desarrollo urbano y vivienda para la integración social
B85: 2.5 Deporte para todos
B86: 2.6 Desarrollo cultural para convivencia social
B87: 2.7 Integración de la comunidad migrante
B88: 2.8 Sostenibilidad del agua y medio ambiente
B89: 2.9 Atención a grupos vulnerables
B90: 2.10 Mujeres zacatecanas transformando la historia
... B97: 3.7 Emprender para crecer
A99: 1000
A100: 2000
A101: 3000
A102: 4000
A103: 5000
A104: 6000
A105: 7000
A106: 8000
A107: 9000
B110: Servicios Personales
A112: 1000 | B112: 1111- DIETAS
A113: 1000 | B113: 1121- HABERES
A114: 1000 | B114: 1131- SUELDOS BASE.
A115: 1000 | B115: 1141- REMUNERACIONES POR ADSCRIPCIÓN LABORAL EN EL EXTRANJERO
A116: 1000 | B116: 1211- HONORARIOS ASIMILABLES A SALARIOS
A117: 1000 | B117: 1221- SUELDOS BASE AL PERSONAL EVENTUAL
A118: 1000 | B118: 1222- COMPENSACIONES POR SERVICIOS EVENTUALES.
A119: 1000 | B119: 1223- REMUNERACIONES A SUSTITUTOS DE PROFESORES.
A120: 1000 | B120: 1231- RETRIBUCIONES POR SERVICIOS DE CARÁCTER SOCIAL
A121: 1000 | B121: 1241- RETRIBUCIÓN A LOS REPRESENTANTES DE LOS TRABAJADORES Y DE LOS PATRONES EN LA JUNTA DE CONCILIACIÓN Y ARBITRAJE
A122: 1000 | B122: 1311- PRIMA QUINQUENAL POR AÑOS DE SERVICIO EFECTIVOS PRESTADOS.
A123: 1000 | B123: 1312- ACREDITACIÓN POR AÑOS DE SERVICIO EN LA DOCENCIA Y AL PERSONAL ADMINISTRATIVO DE LAS INSTITUCIONES DE EDUCACIÓN SUPERIOR
... A173: 1000 | B173: 1721- RECOMPENSAS
B175: Materiales y Suministros
A177: 2000 | B177: 2111- PAPELERÍA DE OFICINA
A178: 2000 | B178: 2112- ÚTILES Y EQUIPOS MENORES DE ESCRITORIO
A179: 2000 | B179: 2113- OTROS ARTÍCULOS MENORES DE OFICINA
A180: 2000 | B180: 2121- MATERIALES Y ÚTILES DE IMPRESIÓN Y REPRODUCCIÓN.
A181: 2000 | B181: 2131- MATERIAL ESTADÍSTICO Y GEOGRÁFICO.
A182: 2000 | B182: 2141- MATERIAL Y ÚTILES PARA PROCESAMIENTO Y BIENES INFORMÁTICOS.
A183: 2000 | B183: 2142- MATERIAL PARA INFORMACIÓN EN ACTIVIDADES DE INVESTIGACIÓN CIENTÍFICA Y TECNOLÓGICA.
A184: 2000 | B184: 2151- MATERIAL IMPRESO E INFORMACIÓN DIGITAL
A185: 2000 | B185: 2153- DOCUMENTACIÓN ELECTORAL
A186: 2000 | B186: 2154- MATERIAL ELECTORAL
A187: 2000 | B187: 2161- MATERIAL DE LIMPIEZA DE OFICINA
A188: 2000 | B188: 2162- ARTÍCULOS DE HIGIENE PARA EL PERSONAL DE OFICINA
... A246: 2000 | B246: 2991- REFACCIONES Y ACCESORIOS MENORES OTROS BIENES MUEBLES
B248: Servicios Generales
A250: 3000 | B250: 3111- SERVICIO DE ENERGÍA ELÉCTRICA.
...
